 Dungeon Crawl Stone Soup version 0.18.1-50-g88ac8fd (webtiles) character file.

952 Franakus the Destroyer (level 7, 0/37 HPs)
             Began as a Deep Elf Conjurer on Oct 27, 2016.
             Was an Initiate of Vehumet.
             Succumbed to Duvessa's poison
             ... on level 7 of the Dungeon.
             The game lasted 00:40:05 (1861 turns).

Franakus the Destroyer (Deep Elf Conjurer)          Turns: 1861, Time: 00:40:06

Health: 0/37       AC:  3    Str:  7 (10) XL:     7   Next: 90%
Magic:  19/19      EV: 14    Int: 20 (22) God:    Vehumet [......]
Gold:   88         SH:  5    Dex: 17 (18) Spells: 4 memorised, 10 levels left

rFire  . . .     SeeInvis .     l - +2 short sword (elec)
rCold  x . .     Gourm    .     u - +1 robe "Byskulid" {MR+ Dex+3} (curse)
rNeg   . . .     Faith    .     (no shield)
rPois  .         Spirit   .     (no helmet)
rElec  .         Dismiss  .     (no cloak)
rCorr  .         Reflect  +     (no gloves)
SustAt .         Harm     .     (no boots)
MR     +....                    y - +5 amulet of reflection
Stlth  ++........               r - ring of Dawn {+Fly rC- Str+5 Slay+2}
                                p - ring of loudness (curse)

@: lethally poisoned (0 -> -8), very slightly contaminated, somewhat resistant
to hostile enchantments, unstealthy
A: no striking features
a: Renounce Religion, Evoke Flight


You were on level 7 of the Dungeon.
You worshipped Vehumet.
Vehumet was noncommittal.
You were not hungry.

You visited 2 branches of the dungeon, and saw 8 of its levels.

You collected 219 gold pieces.
You spent 131 gold pieces at shops.

Inventory:

Hand Weapons
 l - a +2 short sword of electrocution (weapon)
Armour
 d - a +1 helmet
 u - the cursed +1 robe "Byskulid" (worn) {MR+ Dex+3}
   (You bought it in a shop on level 6 of the Dungeon)

   It affects your dexterity (+3).
   It affects your resistance to hostile enchantments.
   It has a curse placed upon it.
Jewellery
 p - a cursed ring of loudness (left hand)
 r - the ring of Dawn (right hand) {+Fly rC- Str+5 Slay+2}
   (You acquired it on level 6 of the Dungeon)

   [ring of flight]

   It affects your strength (+5).
   It affects your accuracy and damage with ranged weapons and melee attacks
   (+2).
   It makes you vulnerable to cold.
   It lets you fly.
 y - a +5 amulet of reflection (around neck)
Wands
 o - a wand of flame (18/48)
 q - a wand of confusion (15/48)
Scrolls
 a - a scroll of fear {unknown}
 m - a scroll of remove curse {unknown}
 n - 2 scrolls of recharging
 x - a scroll of magic mapping
Potions
 i - a potion of haste {unknown}
 j - a potion of curing
 k - a potion of ambrosia {unknown}
 v - a potion of berserk rage {unknown}
 z - a potion of agility {unknown}
Books
 b - a book of Conjurations

   Spells                             Type                      Level
   a - Magic Dart                     Conjuration                  1
   b - Searing Ray                    Conjuration                  2
   c - Dazzling Spray                 Conjuration/Hexes            3
   d - Fulminant Prism                Conjuration/Hexes            4
   e - Iskenderun's Mystic Blast      Conjuration                  4
   f - Iskenderun's Battlesphere      Conjuration/Charms           5
Comestibles
 c - 3 bread rations
 f - 2 chunks of flesh
 g - 2 fruits
 h - 2 beef jerkies
 w - a royal jelly
 A - a slice of pizza


   Skills:
 + Level 0.7 Fighting
 + Level 0.4 Short Blades
 + Level 4.2 Dodging
 + Level 4.1 Stealth
 + Level 7.3 Spellcasting
 + Level 8.1 Conjurations


You had 10 spell levels left.
You knew the following spells:

 Your Spells              Type           Power        Failure   Level  Hunger
a - Magic Dart            Conj           ####         1%          1    None
b - Searing Ray           Conj           #####.       1%          2    None
c - Dazzling Spray        Conj/Hex       ###...       8%          3    #......
d - Iskenderun's Mystic   Conj           #####...     4%          4    ###....


Dungeon Overview and Level Annotations

Branches:
Dungeon (7/15)             Temple (1/1) D:6

Altars:
Ashenzari
Cheibriados
Dithmenos
Makhleb
Ru
Vehumet
Yredelemnul
Zin

Shops:
D:4 *   D:6 [

Annotations:
D:7 Dowan, Duvessa


Message History

Evoke which item? (* to show all) (? for menu, Esc to quit)
Zapping:
o - a wand of flame (19/48)
Press: ? - help, Shift-Dir - straight line The puff of flame hits Duvessa.
Duvessa is lightly wounded.
This wand has 18 charges left.
* * * LOW HITPOINT WARNING * * *
You feel sick. You block Duvessa's attack.
Duvessa hits you with a short sword of venom.
* * * LOW HITPOINT WARNING * * *
You are more poisoned.
You feel better.
Duvessa hits you with a short sword of venom!
* * * LOW HITPOINT WARNING * * *
You are lethally poisoned!
Blink to where?
Press: ? - help, Dir - move target cursor You are very lightly contaminated with residual magic.
As you read the scroll of blinking, it crumbles to dust.
You die...

#......#+# ....# #......+
h.#......... #......#
.#......... #......#
#.........
#......##########.........
######....................
#....................
#....................
#...@................
#..........§e...5....
######÷..........e........
#......>######+##.........
#....#...#......#.......##
#....#...'......#.......#e
#....##'##..##..#.......#.
######..##..##..#.......#.
#.......#...#.......#.


There were no monsters in sight!

Vanquished Creatures
  Eustachio (D:6)
  2 sky beasts
  2 ogres
  A giant frog (D:7)
  A crimson imp (D:7)
  A quasit (D:6)
  A jelly (D:6)
  2 orc priests
  3 giant frog skeletons
  Natasha (D:3)
  2 worker ants
  A howler monkey skeleton (D:4)
  3 adders
  2 oozes (D:1)
  An adder zombie (D:4)
  2 worms
  A dart slug (D:4)
  3 orcs
  A ball python (D:1)
  2 giant cockroaches
  A goblin (D:3)
  3 hobgoblins
  3 jackals (D:5)
  2 kobolds
  A quokka (D:6)
  3 giant newts
  A quokka zombie (D:4)
47 creatures vanquished.

Vanquished Creatures (others)
  An ooze (D:3)
  A ball python (D:3)
2 creatures vanquished.

Grand Total: 49 creatures vanquished

Notes
Turn   | Place    | Note
--------------------------------------------------------------
     0 | D:1      | Franakus the Deep Elf Conjurer began the quest for the Orb.
     0 | D:1      | Reached XP level 1. HP: 10/10 MP: 6/6
    94 | D:1      | Reached XP level 2. HP: 15/15 MP: 1/8
    98 | D:1      | Learned a level 2 spell: Searing Ray
   136 | D:1      | Reached skill level 5 in Conjurations
   294 | D:3      | Reached XP level 3. HP: 16/19 MP: 4/9
   299 | D:3      | Learned a level 3 spell: Dazzling Spray
   349 | D:3      | Found a sacrificial altar of Ru.
   462 | D:4      | Reached XP level 4. HP: 13/24 MP: 5/11
   468 | D:4      | Learned a level 4 spell: Iskenderun's Mystic Blast
   509 | D:4      | Found a shattered altar of Ashenzari.
   596 | D:3      | Noticed Natasha
   606 | D:3      | Killed Natasha
   606 | D:3      | Reached skill level 6 in Conjurations
   767 | D:4      | Found a burning altar of Makhleb.
   821 | D:4      | Reached XP level 5. HP: 14/28 MP: 7/13
   933 | D:4      | Found Hophytetz's General Store.
  1044 | D:5      | Entered Level 5 of the Dungeon
  1044 | D:5      | Noticed a sky beast
  1048 | D:5      | Killed a sky beast
  1048 | D:5      | Reached XP level 6. HP: 28/32 MP: 8/15
  1153 | D:5      | Reached skill level 5 in Spellcasting
  1153 | D:5      | Reached skill level 7 in Conjurations
  1182 | D:5      | Noticed an ice beast
  1194 | D:6      | Found Maresyda's Antique Armour Boutique.
  1253 | D:6      | Noticed Eustachio
  1256 | D:6      | Found a staircase to the Ecumenical Temple.
  1262 | Temple   | Entered the Ecumenical Temple
  1331 | Temple   | Became a worshipper of Vehumet
  1374 | D:6      | Killed Eustachio
  1374 | D:6      | Reached XP level 7. HP: 15/36 MP: 6/17
  1400 | D:6      | Bought an ominously black robe for 131 gold pieces
  1416 | D:6      | Identified the cursed +1 robe "Byskulid" {MR+ Dex+3} (You bought it in a shop on level 6 of the Dungeon)
  1505 | D:6      | Identified a scroll of acquirement
  1506 | D:6      | Got a glittering iron ring
  1507 | D:6      | Identified the ring of Dawn {+Fly rC- Str+5 Slay+2} (You acquired it on level 6 of the Dungeon)
  1597 | D:6      | Found a snail-covered altar of Cheibriados.
  1768 | D:7      | Reached skill level 8 in Conjurations
  1847 | D:7      | Noticed Duvessa
  1847 | D:7      | Noticed Dowan
  1860 | D:7      | HP: 1/37 [Duvessa/short sword of venom (8)]
  1861 | D:7      | Succumbed to Duvessa's poison

Skill      XL: |  1  2  3  4  5  6  7 |
---------------+----------------------+-----
Conjurations   | 5 6 7 8 |  8.1
Spellcasting   | 4 5 7 |  7.3
Dodging        | 3 4 |  4.2
Stealth        | 3 4 |  4.1
Fighting       | |  0.7
Short Blades   | |  0.4

Action                   |  1- 3 |  4- 6 |  7- 9 || total
-------------------------+-------+-------+-------++-------
Melee: Club              |     4 |       |       ||     4
       Short sword       |     4 |       |       ||     4
 Cast: Magic Dart        |    18 |    12 |     2 ||    32
       Searing Ray       |     5 |    15 |     9 ||    29
       Iskenderun's Myst |       |     2 |     5 ||     7
Evoke: Wand              |       |     1 |     1 ||     2
  Use: Scroll            |     1 |     6 |     5 ||    12
       Potion            |       |       |     2 ||     2
  Eat: Chunk             |       |     1 |     3 ||     4
Armor: Robe              |       |     4 |     4 ||     8
Dodge: Dodged            |    10 |    17 |    26 ||    53
Block: Other             |       |       |     9 ||     9
